 Dungeon Crawl Stone Soup version 0.30.1-11-g7821555f0a (webtiles) character file.

Game seed: 15394516461863586071

3731 jagang the Carver (level 10, -1/77 HPs)
             Began as a Human Monk on Jan 12, 2024.
             Was a Believer of the Shining One.
             Slain by an orc warrior
             ... wielding a +0 long sword
              (11 damage)
             ... on level 7 of the Dungeon.
             The game lasted 00:21:12 (7597 turns).

jagang the Carver (Human Monk)                      Turns: 7597, Time: 00:21:13

Health: -1/77      AC: 10    Str: 17    XL:     10   Next: 36%
Magic:  11/11      EV: 10    Int: 10    God:    the Shining One [**....]
Gold:   366        SH:  0    Dex: 20    Spells: 9/9 levels left

rFire   . . .        H - +2 long sword (heavy)
rCold   . . .        (no shield)
rNeg    + . .        d - +0 chain mail {rPois}
rPois   +            (no helmet)
rElec   +            (no cloak)
rCorr   .            (no gloves)
SInv    .            (no boots)
Will    .....        (no amulet) Stlth
                     m - +6 ring of strength
HPRegen 0.32/turn    s - ring "Eklysog" {rElec Dex+3 Slay+4}
MPRegen 0.12/turn

%: no passive effects
@: glowing
A: clumsy 1, mutation resistance 1, weak 1
a: Renounce Religion, Divine Shield


You were on level 7 of the Dungeon.
You worshipped the Shining One.
The Shining One was pleased with you.
You visited 2 branches of the dungeon, and saw 9 of its levels.

You collected 678 gold pieces.
You spent 312 gold pieces at shops.

Inventory:

Hand Weapons
 j - a +0 dagger of electrocution
 H - a +2 heavy long sword (weapon)
Missiles
 f - a curare-tipped dart
 o - a boomerang
 r - 5 poisoned darts
 y - 3 boomerangs of dispersal
 A - a javelin (quivered)
 D - 2 throwing nets
Armour
 d - a +0 chain mail of poison resistance (worn)
Jewellery
 m - a +6 ring of strength (left hand)
 s - the ring "Eklysog" (right hand) {rElec Dex+3 Slay+4}
   (You found it on level 5 of the Dungeon)

   [ring of slaying]

   Dex:       It affects your dexterity (+3).
   Slay:      It affects your accuracy & damage with ranged weapons and melee
   (+4).
   rElec:     It insulates you from electricity.
Wands
 a - a wand of flame (4)
 e - a wand of polymorph (9)
 K - a wand of mindburst (13)
Scrolls
 c - 3 scrolls of teleportation {unknown}
 g - a scroll of magic mapping
 i - a scroll of silence
 k - 3 scrolls of enchant weapon
 l - a scroll of vulnerability {unknown}
 q - 3 scrolls of enchant armour
 t - a scroll of poison
 u - 2 scrolls of fog {unknown}
 w - a scroll of brand weapon {unknown}
 C - a scroll of fear {unknown}
 E - a scroll of torment {unknown}
 F - a scroll of immolation {unknown}
 J - a scroll of noise {unknown}
Potions
 b - 3 potions of flight
 h - a potion of berserk rage {unknown}
 n - 4 potions of haste
 p - a potion of lignification
 v - a potion of magic
 x - 2 potions of mutation
 z - 2 potions of brilliance
 G - a potion of curing
 I - a potion of degeneration {unknown}


   Skills:
 + Level 6.7 Fighting
 - Level 4.1(6.7) Short Blades
 * Level 8.2(8.7) Long Blades
 - Level 2.1 Throwing
 + Level 6.5 Armour
 - Level 5.3 Dodging
 - Level 3.2 Shields
 + Level 2.5 Invocations


You had 9 spell levels left.
You didn't know any spells.
Your spell library contained the following spells:

 Spells                   Type           Power      Damage    Failure   Level
 Freeze                   Ice            0%         1d3       97%         1
 Scorch                   Fire           0%         2d5       99%         2
 Frozen Ramparts          Ice            0%         1d1       100%        3
 Hailstorm                Conj/Ice       0%         3d3       100%        3
 Ozocubu's Armour         Ice            0%         N/A       100%        3
 Cause Fear               Hex            0%         N/A       100%        4
 Flame Wave               Conj/Fire      0%         2d4       100%        4
 Metabolic Englaciation   Hex/Ice        0%         N/A       100%        5
 Simulacrum               Ice/Necr       0%         N/A       100%        6
 Summon Cactus Giant      Summ           0%         N/A       100%        6
 Dragon Form              Tmut           0%         N/A       100%        7
 Dragon's Call            Summ           0%         N/A       100%        9


Dungeon Overview and Level Annotations

Branches:
Dungeon (8/15)             Temple (1/1) D:7
   Lair: D:8-11

Altars:
Ashenzari
Cheibriados
Dithmenos
Elyvilon
Gozag
Hepliaklqana
Nemelex Xobeh
Okawaru
Qazlal
Ru
Sif Muna
Trog
Uskayaw
Vehumet
Wu Jian
Xom
Yredelemnul
Zin
The Shining One

Shops:
D:3 ?   D:4 =   D:7 *

Annotations:
D:8 Grum
Temple 2 transporters


Innate Abilities, Weirdness & Mutations

You are clumsy. (Dex -2)
You are somewhat resistant to further mutation.
You are weak. (Str -2)


Message History

Grum hits you but does no damage.
You hit the orc warrior but do no damage.
The orc warrior is heavily wounded.
Grum hits you from afar with a -1 halberd.
* * * LOW HITPOINT WARNING * * *
The orc warrior hits you with a +0 long sword!
* * * LOW HITPOINT WARNING * * *
You feel much better.
The orc warrior hits you with a +0 long sword!
Grum barely misses you.
You hit the orc warrior.
The orc warrior is heavily wounded.
The orc warrior hits you with a +0 long sword.
Grum hits you from afar with a -1 halberd!
* * * LOW HITPOINT WARNING * * *
You barely miss the orc warrior.
The orc warrior is heavily wounded.
The orc warrior closely misses you. Grum closely misses you.
Grum barely misses you.
The orc warrior hits you with a +0 long sword.
* * * LOW HITPOINT WARNING * * *
The wolf pauses to sniff the ground.
The orc warrior attacks as you move away!
The orc warrior hits you with a +0 long sword.
* * * LOW HITPOINT WARNING * * *
The orc warrior attacks as you move away!
The orc warrior hits you with a +0 long sword.
* * * LOW HITPOINT WARNING * * *
Found a book of Debilitation.
There is a stone staircase leading up here.
The orc warrior barely misses you.
You climb upwards.
Reactivating autopickup.
There is a stone staircase leading down here.
You are too injured to fight recklessly!
You are too injured to fight recklessly!
You closely miss the orc warrior.
The orc warrior is heavily wounded.
The orc warrior hits you with a +0 long sword!
You die...

##.## #......# ###......)....
##...####..###.# #......)##..
#.(.........##.### #......#.##.
##...####.#.<....#####.....#.#.##
###.## #.###.......##.....##.#..
....# #..##..#.##.###...#.##...
.#### #......#.##.# #..#.#.....
.# ####.##..#.##.# #..##......
##### #........#@##.###.#........
#...###..........o...............
'.∩.'.#.............##........###
#...#.........##.##############
#######.......##.### .#
#............# .# #.......##.#.#
.# #######.##...# .##### #.####.#


You could see an orc warrior.

Vanquished Creatures
  Maggie (D:7)
  Prince Ribbit (D:6)
  Menkaure (D:7)
  2 orc warriors
  2 water moccasins
  3 ice beasts
  2 sky beasts
  3 wolves (D:8)
  A phantom (D:5)
  Blork the orc (D:6)
  A kobold brigand (D:6)
  2 bullfrogs (D:6)
  4 scorpions
  3 wights (D:7)
  4 killer bees (D:7)
  3 electric eels (D:6)
  2 howler monkeys (D:7)
  3 hounds
  3 jellies
  A gnoll bouda (D:7)
  3 orc priests
  Natasha (thrice) (D:3)
  3 iguanas
  Terence (D:2)
  2 orc wizards
  23 gnolls
  7 adders
  A shadow imp (D:5)
  A white imp (D:6)
  2 worms
  2 dart slugs
  23 orcs
  8 endoplasms
  2 giant cockroaches
  8 goblins
  10 hobgoblins
  36 kobolds
  3 quokkas
  4 ball pythons
  4 bats
  2 frilled lizards (D:1)
  4 rats
195 creatures vanquished.

Vanquished Creatures (others)
  A kobold (D:6)
1 creature vanquished.

Grand Total: 196 creatures vanquished

Notes
Turn   | Place    | Note
-------+----------+-------------------------------------------
     0 | D:1      | jagang the Human Monk began the quest for the Orb.
     0 | D:1      | Reached XP level 1. HP: 18/18 MP: 1/1
   231 | D:1      | Reached XP level 2. HP: 24/24 MP: 2/2
   707 | D:2      | Reached XP level 3. HP: 22/29 MP: 3/3
  1053 | D:2      | Noticed Terence
  1063 | D:2      | Killed Terence
  1064 | D:2      | Reached skill level 4 in Long Blades
  1064 | D:2      | Reached XP level 4. HP: 18/35 MP: 4/4
  1719 | D:3      | Noticed Natasha
  1725 | D:3      | Killed Natasha
  1726 | D:3      | Reached skill level 1 in Short Blades
  1726 | D:3      | Reached XP level 5. HP: 41/41 MP: 5/5
  1754 | D:3      | Found Hinirph's Magic Scroll Emporium.
  1757 | D:3      | Bought a scroll of identify for 24 gold pieces
  1757 | D:3      | Bought a scroll of identify for 24 gold pieces
  1757 | D:3      | Bought a scroll of identify for 24 gold pieces
  1757 | D:3      | Bought a scroll of blinking for 90 gold pieces
  1757 | D:3      | Bought a scroll of poison for 48 gold pieces
  2137 | D:3      | Noticed Natasha
  2147 | D:3      | Killed Natasha
  2328 | D:3      | Noticed Natasha
  2331 | D:3      | Killed Natasha
  2332 | D:3      | Reached XP level 6. HP: 48/48 MP: 6/6
  2388 | D:4      | Found Haozeaf's Jewellery Shop.
  2807 | D:4      | Reached XP level 7. HP: 39/54 MP: 7/7
  3302 | D:4      | Found a hide-covered altar of Uskayaw.
  3341 | D:4      | Reached skill level 1 in Armour
  3519 | D:5      | Entered Level 5 of the Dungeon
  3556 | D:5      | Reached skill level 5 in Long Blades
  3631 | D:5      | Reached skill level 1 in Shields
  3631 | D:5      | Reached XP level 8. HP: 47/61 MP: 8/8
  3744 | D:5      | Identified the ring "Eklysog" {rElec Dex+3 Slay+4}
  3834 | D:5      | HP: 4/91 [poisoned by a water moccasin]
  3837 | D:5      | Gained mutation: You are weak. (Str -2) [potion of
                  | mutation]
  3837 | D:5      | Gained mutation: You are clumsy. (Dex -2) [potion of
                  | mutation]
  3837 | D:5      | Gained mutation: You are somewhat resistant to further
                  | mutation. [potion of mutation]
  4049 | D:5      | Reached skill level 5 in Dodging
  4077 | D:5      | Reached skill level 5 in Fighting
  4862 | D:6      | Reached XP level 9. HP: 66/68 MP: 9/9
  5154 | D:6      | Reached skill level 6 in Long Blades
  5517 | D:6      | Noticed Prince Ribbit
  5539 | D:6      | Killed Prince Ribbit
  5540 | D:6      | Reached skill level 5 in Armour
  5646 | D:6      | Noticed Blork the orc
  5654 | D:6      | Killed Blork the orc
  5655 | D:6      | Reached skill level 1 in Throwing
  6288 | D:7      | Reached skill level 7 in Long Blades
  6338 | D:7      | Found a staircase to the Ecumenical Temple.
  6347 | Temple   | Entered the Ecumenical Temple
  6347 | Temple   | Found a transporter.
  6347 | Temple   | Found a transporter.
  6349 | Temple   | Found a transporter.
  6349 | Temple   | Found a transporter.
  6364 | Temple   | Became a worshipper of the Shining One
  6364 | Temple   | Reached * piety under the Shining One
  6364 | Temple   | Reached ** piety under the Shining One
  6513 | D:7      | Found Noarir's Serpentskin Sales.
  6518 | D:7      | Bought a +0 chain mail of poison resistance for 102 gold
                  | pieces
  6530 | D:7      | Noticed Menkaure
  6538 | D:7      | Killed Menkaure
  6539 | D:7      | Reached XP level 10. HP: 36/76 MP: 10/10
  6848 | D:7      | Noticed Maggie
  6873 | D:7      | Killed Maggie
  6874 | D:7      | Reached skill level 1 in Invocations
  7515 | D:8      | Reached skill level 8 in Long Blades
  7574 | D:8      | Noticed Grum
  7597 | D:7      | Slain by an orc warrior

Illustrated notes

Levels and vault maps discovered:
D:1:      amcnicky_arrival_gap_in_the_tavern_cellar, layout_basic,
          item_on_display_a
D:2:      layout_loops_ring, uniq_terence
D:3:      layout_loops_ring, serial_shops, nicolae_shop_trees,
          patterned_corridor, uniq_natasha
D:4:      layout_cave_pools, mainiacjoe_overflow_alcove_4, serial_shops,
          shop_coins
D:5:      layout_rooms
D:6:      minmay_goblin_kobold_castle, layout_loops_ring, uniq_blork_the_orc,
          uniq_prince_ribbit1
D:7:      layout_loops_cross, minmay_temple_entry_sparse_star,
          minmay_misc_feat_secret_circle, guppyfry_shop_venom, uniq_menkaure,
          uniq_maggie
D:8:      layout_basic, serial_corexii_hall, corexii_hall_statues_i,
          corexii_hall_statues_i, uniq_grum
Temple:   hellmonk_temple_divided_pantheon

Skill      XL: |  1  2  3  4  5  6  7  8  9 10 |
---------------+-------------------------------+-----
Long Blades    | 4 5 7 8 |  8.2
Short Blades   | 1 2 3 4 |  4.1
Fighting       | 4 5 6 |  6.7
Dodging        | 4 5 |  5.3
Armour         | 1 3 6 |  6.5
Shields        | 1 2 3 |  3.2
Throwing       | 2 |  2.1
Invocations    | 2 |  2.5

Action                     |  1- 3 |  4- 6 |  7- 9 | 10-12 || total
---------------------------+-------+-------+-------+-------++-------
  Melee: Falchion          |    34 |       |       |       ||    34
         Dagger            |    38 |   115 |   382 |    47 ||   582
         Long sword        |       |       |       |    23 ||    23
  Throw: Boomerang         |       |     3 |    43 |     7 ||    53
         Javelin           |       |       |       |     2 ||     2
  Evoke: Wand              |       |       |     4 |       ||     4
    Use: Scroll            |       |     4 |     2 |       ||     6
         Potion            |       |       |     7 |     1 ||     8
 Armour: Leather armour    |    14 |     4 |       |       ||    18
         Chain mail        |       |    30 |   120 |    26 ||   176
  Dodge: Dodged            |    43 |    62 |   131 |    51 ||   287
